cohdb
Replays
Latest Replays
All Replays
Popular Replays
Top Player Replays
Match Explorer
How It Works
Community
CoH3 Stats
Reddit
Sign in to upload your games and track your stats! →
Sign in with Steam
Match 39812246
Unlisted
Match 39812246
Overview
Messages
Build Orders
End
Vickers Machine Gun Team
Construct Section Command Post
Selects Heavy Armor Battlegroup
Dingo Light Scout Car
Royal Engineer Section
ML 3-inch Mortar Team
Construct Platoon Command Post
Selects Engineer Detachments
Vickers Machine Gun Team
Royal Engineer Section
Team Weapon Training
6-pounder Anti-tank Gun Team
Dingo Light Scout Car
Construct Company Command Post
Foot Guards Section
Selects Light Vehicle Withdraw and Refit
Selects Radio Net
Construct Field Infirmary
Foot Guards Section
Unlock M3 Grant Medium Tanks
Selects Designate Targets
M3 Grant Medium Tank
M3 Grant Medium Tank
Designate Targets
Infantry Training
Designate Targets
Foot Guards Section
Selects Forward Repair Assembly
Designate Targets
M3 Grant Medium Tank
Designate Targets
Designate Targets
Designate Targets
Q.man
Abla
Hawkkinson
Goggobomb
PKKA
Captain Song
Moltke1871
Pleiades
0
0
Comments
sign in to comment!
No comments posted yet!